AoeStats
← brunoaraujo

Arena

510000794Analyzed
2v2 RM · 3d ago on Sep 29, 2026· 89m 14s· 4 players
Game mode
Random Map
Map size
Medium (4 player)
Population
200
Speed
Normal
Resources
Standard
Victory
Conquest
Starting age
Dark Age
Ending age
Imperial Age
RankedLock teamsTeams togetherTeam positionsShared explorationLock speedFull tech treeHidden civsTurbo modeCheats
Victory
Defeat
🇬🇧 Georgians · United Kingdom
599
+17
🇧🇷 Khmer · Brazil
585
+17
🇺🇸 Khmer · United States
615
-17
🇺🇸 Britons · United States
608
-17
Nova_Kovic
10:44 Feudal Age
11:11 Double-Bit Axe
11:11 Horse Collar
19:16 Castle Age
17:30 Stone Mining
18:18 Gold Mining
20:21 Bow Saw
20:14 Heavy Plow
20:53 Stone Shaft Mining
23:10 Forging
23:07 Scale Barding Armor
24:11 Wheelbarrow
24:02 Bloodlines
26:46 Light Cavalry
29:58 Fletching
30:29 Chain Barding Armor
30:45 Iron Casting
32:25 Bodkin Arrow
34:16 Treadmill Crane
34:57 Ballistics
34:48 Fortified Wall
34:30 Guard Tower
34:51 Masonry
34:39 Loom
35:12 Hand Cart
37:30 Imperial Age
37:36 Svan Towers
37:39 Scale Mail Armor
37:40 Padded Archer Armor
37:38 Murder Holes
38:52 Husbandry
38:15 Pikeman
38:56 Squires
38:43 Arson
38:23 Elite Skirmisher
39:47 Town Watch
39:50 Arrowslits
40:41 Keep
41:09 Chemistry
40:40 Architecture
40:43 Crop Rotation
40:47 Herbal Medicine
40:22 Hussar
40:23 Cavalier
40:26 Halberdier
41:32 Conscription
41:18 Aznauri Cavalry
41:49 Hoardings
42:48 Guilds
42:49 Siege Engineers
42:47 Bracer
43:23 Plate Barding Armor
43:48 Blast Furnace
43:04 Chain Mail Armor
43:05 Leather Archer Armor
42:14 Heavy Scorpion
42:15 Capped Ram
44:56 Siege Ram
46:17 Coinage
45:49 Caravan
47:57 Plate Mail Armor
49:16 Banking
51:56 Elite Monaspa
brunoaraujo
1:27 Loom
14:21 Feudal Age
15:37 Wheelbarrow
14:46 Horse Collar
14:56 Double-Bit Axe
15:38 Town Watch
18:15 Stone Mining
18:20 Gold Mining
24:36 Castle Age
23:37 Bloodlines
23:34 Scale Barding Armor
23:40 Forging
25:49 Hand Cart
26:05 Chain Barding Armor
25:48 Husbandry
30:01 Heavy Plow
31:25 Iron Casting
34:00 Sanctity
34:18 Bow Saw
35:31 Caravan
38:21 Masonry
38:32 Fervor
40:37 Scale Mail Armor
40:12 Light Cavalry
43:45 Imperial Age
41:26 Tusk Swords
42:16 Town Patrol
44:10 Fortified Wall
45:36 Architecture
45:57 Crop Rotation
44:53 Cavalier
45:59 Conscription
46:16 Hoardings
45:44 Double Crossbow
46:30 Plate Barding Armor
47:00 Elite Ballista Elephant
48:44 Blast Furnace
53:58 Hussar
61:42 Pikeman
63:05 Halberdier
70:23 Chain Mail Armor
85:12 Padded Archer Armor
85:04 Fletching
joshua63775
11:23 Feudal Age
9:56 Loom
16:34 Castle Age
15:34 Double-Bit Axe
25:22 Forging
28:17 Iron Casting
35:19 Imperial Age
36:43 Wheelbarrow
36:01 Loom
36:09 Loom
36:52 Caravan
38:14 Blast Furnace
37:20 Scale Barding Armor
37:16 Scale Mail Armor
38:23 Chemistry
37:50 Gold Mining
39:19 Hand Cart
39:16 Bow Saw
39:02 Cavalier
39:42 Husbandry
39:54 Bloodlines
39:31 Pikeman
40:12 Horse Collar
40:20 Man-at-Arms
40:26 Halberdier
41:03 Stone Mining
41:47 Chain Barding Armor
41:43 Chain Mail Armor
41:29 Padded Archer Armor
42:56 Coinage
43:04 Double Crossbow
46:06 Elite Ballista Elephant
52:36 Gold Shaft Mining
52:37 Stone Shaft Mining
52:55 Plate Barding Armor
52:21 Padded Archer Armor
52:11 Fletching
54:32 Onager
johnrodhouse
8:37 Loom
10:28 Feudal Age
11:13 Horse Collar
15:16 Double-Bit Axe
22:21 Castle Age
24:56 Padded Archer Armor
24:47 Fletching
37:56 Imperial Age
36:05 Wheelbarrow
35:16 Loom
35:21 Town Watch
37:21 Hand Cart
39:30 Leather Archer Armor
39:11 Bodkin Arrow
40:19 Chemistry
39:40 Ballistics
39:06 Arrowslits
39:27 Town Patrol
40:46 Murder Holes
41:03 Fortified Wall
41:45 Yeomen
41:47 Conscription
42:10 Ring Archer Armor
43:23 Elite Longbowman
44:41 Stone Mining
48:30 Masonry
50:58 Hoardings
49:54 Sappers
55:33 Warwolf
56:09 Caravan
56:20 Guilds
Connection lost

Rejoining the realm…

Still unreachable

The connection could not be restored.

Session expired

The server has moved on; the page needs a fresh start.